 Dungeon Crawl Stone Soup version 0.31-a0-728-g01b46875f1 (webtiles) character file.

Game seed: 15254376241885980750

575039 zazu2006 the Acrobat (level 27, -8/328 HPs)
             Began as a Gnoll Wanderer on Sept 10, 2023.
             Was the Champion of Vehumet.
             Killed from afar by a starcursed mass (13 damage)
             ... with an accursed screaming
             ... while paralysed by accursed screaming
             ... on level 4 of the Abyss on Sept 11, 2023.
             The game lasted 06:10:26 (90471 turns).

zazu2006 the Acrobat (Gnoll Wanderer)              Turns: 90471, Time: 06:10:27

Health: -8/328     AC: 28    Str: 13      XL:     27
Magic:  41/41      EV:  2    Int: 25 (26) God:    Vehumet [******]
Gold:   4318       SH:  0    Dex: 24      Spells: 18/63 levels left

rFire   . . .        b - +7 scimitar "Maumi" {holy, Dex+5}
rCold   . . .        G - +2 buckler {reflect}
rNeg    + + .        J - quicksilver dragon scales
rPois   +            w - +1 hat
rElec   +            k - +1 cloak {Will+}
rCorr   .            Z - +2 pair of gloves
SInv    +            K - +2 pair of boots of the Known World {Regen+ Int+6 Dex-3}
Will    ++++.        d - amulet of the Suburbs {Regen+ Dex+6} Stlth
                     L - ring of Foolhardiness {rN+ Slay+6}
HPRegen 0.00/turn    m - ring "Gibobbom" {rElec rPois rN+ SInv Stlth+}
MPRegen 0.27/turn

%: random rage (3%), reflection
@: paralysed, mighty, berserking (expiring), about to teleport, sick, studying 3
skills
A: fangs 1, strong nose, distributed training, berserk 1, [low MP 1], [subdued
magic 2]
}: 3/15 runes: serpentine, barnacled, silver
a: Renounce Religion


You were on level 4 of the Abyss.
You worshipped Vehumet.
Vehumet was exalted by your worship.
You visited 11 branches of the dungeon, and saw 47 of its levels.
You visited the Abyss 2 times.
You visited 1 bazaar.
You also visited: Sewer, Gauntlet and Ice Cave.

You collected 7481 gold pieces.
You spent 3163 gold pieces at shops.

Inventory:

Hand Weapons
 b - the +7 scimitar "Maumi" (weapon) {holy, Dex+5}
   (You bought it in a shop on level 2 of the Orcish Mines)

   Dex+5:     It affects your dexterity (+5).
 o - a +4 long sword of electrocution
Missiles
 O - 6 throwing nets
Armour
 k - a +1 cloak of willpower (worn)
 w - a +1 hat (worn)
 G - a +2 buckler of reflection (worn)
 J - quicksilver dragon scales (worn)
 K - the +2 pair of boots of the Known World (worn) {Regen+ Int+6 Dex-3}
   (You bought it in a shop on level 2 of the Orcish Mines)

   Int+6:     It affects your intelligence (+6).
   Dex-3:     It affects your dexterity (-3).
   Regen+:    It increases your rate of health regeneration.
 Z - a +2 pair of gloves (worn)
Jewellery
 d - the amulet of the Suburbs (around neck) {Regen+ Dex+6}
   (You acquired it on level 13 of the Dungeon)

   [amulet of regeneration]

   Dex+6:     It affects your dexterity (+6).
   Regen+:    It increases your rate of health regeneration.
 e - a ring of protection from fire
 i - the amulet of Vitality {RegenMP++ Regen++}
   (You took it off an ironbound preserver on level 5 of the Vaults)

   [amulet of magic regeneration]

   RegenMP:   It increases your rate of magic regeneration.
   Regen++:   It increases your rate of health regeneration.
 m - the ring "Gibobbom" (right hand) {rElec rPois rN+ SInv Stlth+}
   (You took it off a centaur on level 8 of the Dungeon)

   [ring of poison resistance]

   rElec:     It insulates you from electricity.
   rPois:     It protects you from poison rN+: It protects you from negative
   energy.
   SInv:      It lets you see invisible.
   Stlth+:    It makes you more stealthy.
 r - a ring of magical power
 s - a +4 ring of protection
 u - a ring of willpower
 L - the ring of Foolhardiness (left hand) {rN+ Slay+6}
   (You found it in a Gauntlet)

   [ring of positive energy]

   Slay+6:    It affects your accuracy & damage with ranged weapons and melee
   (+6).
   rN+:       It protects you from negative energy.
 N - a +5 ring of evasion
 R - a +6 ring of intelligence
 S - the ring "Regugu" {rN+ Will+}
   (You found it on level 3 of the Crypt)

   [ring of positive energy]

   rN+:       It protects you from negative energy.
   Will+:     It increases your willpower.
 T - the amulet of the Scarab {rC+ Regen+ Int+2}
   (You found it on level 3 of the Crypt)

   [amulet of regeneration]

   Int+2:     It affects your intelligence (+2).
   rC+:       It protects you from cold.
   Regen+:    It increases your rate of health regeneration.
 U - the ring "Jidushre" {*Corrode rElec rN+ Dex+5}
   (You found it on level 3 of the Crypt)

   [ring of positive energy]

   Dex+5:     It affects your dexterity (+5).
   rElec:     It insulates you from electricity.
   rN+:       It protects you from negative energy.
   *Corrode:  It may corrode you when you take damage.
 V - a ring of flight
Wands
 h - a wand of digging (10)
 A - a wand of mindburst (43)
 D - a wand of paralysis (63)
 H - a wand of flame (92)
 M - a wand of iceblast (46)
 P - a wand of polymorph (18)
 Q - a wand of acid (22)
Scrolls
 c - 11 scrolls of fog
 f - a scroll of brand weapon
 g - a scroll of torment
 l - 7 scrolls of teleportation
 q - 9 scrolls of noise
 y - 2 scrolls of blinking
 z - 8 scrolls of revelation
 B - a scroll of fear
 F - 2 scrolls of enchant armour
 X - a scroll of enchant weapon
Potions
 a - 2 potions of invisibility
 j - 4 potions of resistance
 n - 3 potions of heal wounds
 t - 7 potions of berserk rage
 v - 5 potions of might
 x - 23 potions of curing
 C - 5 potions of enlightenment
 E - 7 potions of lignification
 I - 3 potions of haste
 W - 2 potions of mutation
 Y - a potion of attraction
Miscellaneous
 p - a phial of floods


   Skills:
 + Level 18.5 Fighting
 + Level 18.4 Short Blades
 + Level 19.3 Long Blades
 + Level 18.4 Axes
 + Level 18.4 Maces & Flails
 + Level 18.4 Polearms
 + Level 18.4 Staves
 + Level 18.4 Ranged Weapons
 + Level 18.4 Throwing
 + Level 18.4 Armour
 + Level 22.9 Dodging
 + Level 18.8 Stealth
 + Level 18.8 Shields
 + Level 18.4 Unarmed Combat
 + Level 18.6 Spellcasting
 + Level 16.5 Conjurations
 + Level 15.6 Hexes
 + Level 15.6 Summonings
 + Level 15.6 Necromancy
 + Level 15.6 Translocations
 + Level 15.6 Transmutations
 + Level 15.6 Fire Magic
 + Level 19.2 Ice Magic
 + Level 15.6 Air Magic
 + Level 15.6 Earth Magic
 + Level 15.6 Poison Magic
 + Level 19.9 Invocations
 + Level 18.4 Evocations
 + Level 17.0 Shapeshifting


You had 18 spell levels left.
You knew the following spells:

 Your Spells              Type           Power      Damage    Failure   Level
a - Foxfire               Conj/Fire      100%       2x1d9     0%          1
b - Iskenderun's Mystic   Conj/Tloc      59%        2d12      0%          4
c - Airstrike             Air            29%        2d(5-21)  0%          4
d - Sticky Flame          Conj/Fire      59%        2d7       0%          4
e - Stone Arrow           Conj/Erth      100%       3d13      0%          3
f - Freezing Cloud        Conj/Ice/Air   30%        6-21      0%          5
g - Ozocubu's Refrigerat  Ice            32%        4d14      1%          7
h - Alistair's Intoxicat  Tmut/Pois      39%        N/A       1%          5
i - Orb of Destruction    Conj           30%        9d10      1%          7
j - Lee's Rapid Deconstr  Erth           29%        3d15*     1%          5

Your spell library contained the following spells:

 Spells                   Type           Power      Damage    Failure   Level
 Lehudib's Crystal Spear  Conj/Erth      29%        10d8      6%          8
 Chain Lightning          Conj/Air       29%        3d39      67%         9
 Shatter                  Erth           29%        3d24*     73%         9
 Apportation              Tloc           100%       N/A       0%          1
 Freeze                   Ice            100%       1d10      0%          1
 Necrotise                Necr           100%       1d9       0%          1
 Shock                    Conj/Air       100%       1d9       0%          1
 Summon Small Mammal      Summ           100%       N/A       0%          1
 Blink                    Tloc           100%       N/A       0%          2
 Cigotuvi's Dreadful Rot  Necr/Pois/Air  100%       N/A       0%          2
 Ensorcelled Hibernation  Hex/Ice        100%       N/A       0%          2
 Jinxbite                 Hex            100%       N/A       0%          2
 Searing Ray              Conj           100%       2d8       0%          2
 Static Discharge         Conj/Air       100%       2-7/arc   0%          2
 Call Canine Familiar     Summ           59%        N/A       0%          3
 Frozen Ramparts          Ice            100%       1d16      0%          3
 Hailstorm                Conj/Ice       63%        3d13      0%          3
 Ignite Poison            Fire/Tmut/Pois 59%        N/A       0%          3
 Inner Flame              Hex/Fire       59%        N/A       0%          3
 Ozocubu's Armour         Ice            65%        N/A       0%          3
 Summon Guardian Golem    Hex/Summ       59%        N/A       0%          3
 Tukima's Dance           Hex            59%        N/A       0%          3
 Vampiric Draining        Necr           59%        2d10      0%          3
 Volatile Blastmotes      Fire/Tloc      100%       2d18      0%          3
 Animate Armour           Summ/Erth      100%       N/A       0%          4
 Animate Dead             Necr           59%        N/A       0%          4
 Cause Fear               Hex            29%        N/A       0%          4
 Dimensional Bullseye     Hex/Tloc       29%        N/A       0%          4
 Fulminant Prism          Conj/Hex       29%        3d13      0%          4
 Manifold Assault         Tloc           59%        N/A       0%          4
 Petrify                  Tmut/Erth      59%        N/A       0%          4
 Summon Lightning Spire   Summ/Air       59%        N/A       0%          4
 Metabolic Englaciation   Hex/Ice        31%        N/A       0%          5
 Agony                    Necr           59%        N/A       1%          5
 Borgnjor's Vile Clutch   Necr/Erth      29%        N/A       1%          5
 Fireball                 Conj/Fire      29%        3d13      1%          5
 Summon Mana Viper        Hex/Summ       59%        N/A       1%          5
 Yara's Violent Unravell  Hex/Tmut       29%        3d12      1%          5
 Enfeeble                 Hex            29%        N/A       2%          7
 Haunt                    Necr/Summ      29%        N/A       2%          7
 Ignition                 Fire           29%        3d9       8%          8
 Maxwell's Capacitive Co  Air            29%        ∞         8%          8
 Discord                  Hex            29%        N/A       28%         8
 Infestation              Necr           29%        N/A       28%         8


Dungeon Overview and Level Annotations

Branches:
Dungeon (15/15)            Temple (1/1) D:7            Lair (5/5) D:10
 Shoals (4/4) Lair:2        Snake (4/4) Lair:2        Slime (0/5) Lair:4
    Orc (2/2) D:9             Elf (3/3) Orc:2        Vaults (5/5) D:13
  Crypt (3/3) Vaults:2       Tomb (1/3) Crypt:3      Depths (4/4) D:15
    Zot (0/5) Depths:4      Sewer (visited)           IceCv (visited)
Gauntlet (visited)

Altars:
Ashenzari
Cheibriados
Dithmenos
Elyvilon
Fedhas
Gozag
Hepliaklqana
Kikubaaqudgha
Makhleb
Nemelex Xobeh
Okawaru
Qazlal
Ru
Sif Muna
Trog
Uskayaw
Vehumet
Wu Jian
Xom
Yredelemnul
Zin
The Shining One
Jiyva

Shops:
D:5 [   D:9 [   Orc:1 [   Orc:2 (**=   Elf:2 !   Shoals:1 :   Snake:3 [:=:
Vaults:1 *   Vaults:3 [   Vaults:4 :

Portals:
Hell: Depths:1 Depths:2 Depths:3 Depths:4
Abyss: Vaults:3 Depths:1 Depths:2 Depths:3 Depths:4
Pandemonium: Depths:1 Depths:2 Depths:4
Ziggurat: Depths:4

Annotations:
Elf:2 3 runed translucent doors, exclusion: obsidian statue, Sundig's ghost, adept DgFi
Vaults:2 3 runed translucent doors, ShaperDreaming's ghost, adept VSBr


Innate Abilities, Weirdness & Mutations

You have very sharp teeth.
Your uncanny sense of smell can sniff out nearby items.
Your experience applies equally to all skills.
You sometimes lose your temper in combat.
[Your magical capacity is low. (-10% MP)]
[Your spells are easier to cast, but less powerful.]


Message History

You slice the starcursed mass!!
You destroy the starcursed mass!
Vehumet accepts your kill. A chorus of shrieks assaults your mind.
* * * LOW HITPOINT WARNING * * *
You open the starcursed mass like a pillowcase!!!
You destroy the starcursed mass!
Vehumet accepts your kill.
You feel your power returning.
You slice the starcursed mass!!
You destroy the starcursed mass!
Vehumet accepts your kill.
Unknown command.
You slash the starcursed mass! You bite the starcursed mass!
The starcursed mass is heavily damaged.
The starcursed mass shudders and withdraws towards its neighbour.
A deafening chorus of shrieks assaults your mind!
* * * LOW HITPOINT WARNING * * *
The helpless thrashing horror fails to defend itself.
You cut the thrashing horror into ribbons!!!!
The thrashing horror is severely damaged.
The helpless thrashing horror fails to defend itself.
You carve the thrashing horror like a ham!!!
You destroy the thrashing horror!
Vehumet accepts your kill.
You feel your power returning.
You feel the corruption within you wane somewhat.
You feel agile.
Unknown command.
You hit the starcursed mass. You bite the starcursed mass!
You destroy the starcursed mass!
Vehumet accepts your kill.
A small abomination comes into view.
A deafening chorus of shrieks assaults your mind!
* * * LOW HITPOINT WARNING * * *
You suddenly lose the ability to move!
The starcursed mass touches you!
* * * LOW HITPOINT WARNING * * *
A deafening chorus of shrieks assaults your mind!
You die...

####.. .. . .
. #.#. #.... #
.
#..#..##x##§##
.#...XX†##)# *
#§§.# #.##..
.##
#...X#.##.#
#.#
.#X.#X§##.#
##XXX# . .
#X@#.# . ##.##
X # #.#.# §.X.
#.#.x# #. .#
.x
##..#.#...##..
. #. #
#.##.##.#.#
'... ..#### ..
# ## ..# # ..⌠
## . ###


You could see 6 starcursed masses and a small abomination.

Vanquished Creatures
  3 dread liches
  2 royal mummies (Tomb:1)
  Boris (thrice) (Vaults:2 Crypt:1 Crypt:3)
  Bai Suzhen (Vaults:3)
  Vashnia (Snake:2)
  5 bone dragons
  4 golden dragons
  The ghost of Qecvurom the Warrior, an adept DrRe of Fedhas (Vaults:3)
  A profane servitor (Abyss:2)
  A tentacled monstrosity (Depths:2)
  Mlioglotl (Shoals:2)
  4 hellephants
  2 Hell Sentinels
  2 walking crystal tomes (Depths:2)
  A walking earthen tome (Depths:2)
  2 deep elf blademasters (Elf:3)
  2 quicksilver dragons
  A walking frostbound tome (Depths:2)
  6 liches
  2 deep elf master archers (Elf:3)
  3 titans
  10 sphinxes
  2 Executioners
  9 tentacled starspawn
  5 ancient champions
  Gastronok (Orc:1)
  Frances (Elf:1)
  3 storm dragons
  A thorn hunter (Abyss:4)
  A daeva (Abyss:3)
  4 revenants
  A fenstrider witch (Shoals:1)
  A shadow dragon (Depths:2)
  A rockslime (IceCv)
  Aizul (Snake:1)
  8 nagarajas
  4 tengu reavers
  A draconian monk (Depths:4)
  Roxanne (Elf:3)
  A fire giant (shapeshifter) (Vaults:5)
  3 azure jellies (IceCv)
  A draconian scorcher (Depths:4)
  6 deep elf elementalists
  6 fire giants
  9 deep elf sorcerers
  Louise (Shoals:4)
  3 frost giants
  A balrug (Depths:2)
  10 ghouls
  3 curse skulls
  12 vault wardens
  A ghost moth (Abyss:4)
  2 orc warlords
  3 war gargoyles (Vaults:5)
  A cacodemon (Gauntlet)
  A draconian shifter (Depths:4)
  A reaper (Abyss:1)
  9 stone giants
  32 very ugly things
  16 ironbound preservers
  A starflower (Abyss:1)
  A green draconian (Depths:4)
  7 ironbound thunderhulks
  7 quicksilver oozes (IceCv)
  A formless jellyfish (Vaults:1)
  8 deep elf demonologists
  2 black draconians (Depths:4)
  9 vampire knights
  5 dire elephants
  A lorocyproca (Abyss:4)
  A minotaur (Gauntlet)
  2 bennus (Tomb:1)
  A bunyip (Abyss:4)
  7 spark wasps (Depths:3)
  8 deep elf annihilators
  4 eidola
  A yellow draconian (Depths:4)
  12 deep elf death magi
  3 spectral elves (Elf:1)
  3 green deaths
  10 fire dragons
  9 ettins
  An acid blob zombie (Crypt:2)
  A quicksilver dragon zombie (Crypt:2)
  The ghost of Age the Warrior, a journeyman MiFi of Gozag (D:11)
  8 mummy priests (Tomb:1)
  10 jiangshi
  3 crystal guardians
  7 merfolk impalers
  7 entropy weavers
  7 yaktaur captains
  7 deep elf high priests
  10 great orbs of eyes
  A salamander tyrant (Snake:2)
  3 spriggan zombies
  A merfolk avatar (Shoals:4)
  4 hydras
  2 peacekeepers (Vaults:4)
  36 vault guards
  6 spriggan air magi
  4 rakshasas
  4 ogre magi
  6 boulder beetles
  10 ice dragons
  A sphinx zombie (Depths:2)
  4 merfolk aquamancers
  2 catoblepae
  4 ghost crabs (D:13)
  12 anacondas
  10 satyrs
  6 two-headed ogres
  5 death knights
  9 ironbound frosthearts
  5 tengu warriors
  An alligator snapping turtle (Shoals:4)
  7 deep troll shamans
  23 centaur warriors
  22 thrashing horrors
  15 death scarabs (Tomb:1)
  32 dancing weapons
  9 vampire magi
  7 death yaks
  8 naga warriors
  An orc high priest (Orc:2)
  6 deep troll earth magi
  A spriggan berserker (Depths:3)
  Urug (Lair:1)
  11 hell hogs
  5 shock serpents
  23 naga sharpshooters
  13 deep elf knights
  9 hell knights
  Amaemon (Lair:2)
  6 sun demons
  Nergalle (Lair:2)
  22 skeletal warriors
  7 skysharks
  2 spriggans (Depths:3)
  Sonja (Orc:2)
  4 shadow wraiths
  9 soul eaters
  A fire crab (shapeshifter) (Elf:2)
  A sixfirhy (Abyss:1)
  4 salamander mystics
  12 iron trolls
  An elf simulacrum (Elf:1)
  5 fire crabs (D:13)
  13 wretched stars
  6 glowing orange brains
  7 naga ritualists
  7 sea snakes
  63 deep trolls
  4 spatial maelstroms
  A quicksilver dragon simulacrum (Crypt:2)
  An orb spider (Abyss:3)
  A shadow demon (Abyss:4)
  A flayed ghost (Depths:3)
  10 deep elf archers
  An anaconda zombie (Tomb:1)
  2 anaconda skeletons
  3 orange crystal statues (IceCv)
  2 bog bodies (Crypt:2)
  4 lindwurms (Lair:5)
  10 wizards
  A spriggan simulacrum (Crypt:2)
  20 ironbound convokers
  12 necromancers
  Pikel (D:4)
  A lindwurm (shapeshifter) (Vaults:5)
  23 deep elf pyromancers
  27 deep elf zephyrmancers
  13 harpies
  15 phantasmal warriors
  A tengu zombie (D:15)
  9 orc knights
  A harpy (shapeshifter) (Depths:4)
  3 stone giant zombies
  55 ugly things
  10 mana vipers
  A will-o-the-wisp (Abyss:1)
  2 fire giant zombies (Depths:1)
  20 fauns
  A salamander (shapeshifter) (Abyss:4)
  An elephant (shapeshifter) (Elf:1)
  7 cyclopes
  A goliath frog skeleton (Crypt:3)
  4 worldbinders
  A manticore (shapeshifter) (Vaults:3)
  Maurice (Orc:2)
  25 salamanders
  3 orc sorcerers
  15 manticores
  A dire elephant zombie (Crypt:2)
  7 merfolk sirens
  2 iron dragon skeletons
  2 stone giant skeletons
  19 naga magi
  3 apocalypse crabs
  30 black mambas
  7 guardian serpents
  2 fire giant skeletons
  2 torpor snails
  15 smoke demons
  23 vault sentinels
  7 elephants (Lair:5)
  2 guardian serpents (shapeshifter)
  7 water nymphs
  A centaur skeleton (Crypt:3)
  4 orange demons
  30 starcursed masses
  An alligator snapping turtle zombie (Crypt:1)
  Maggie (Lair:2)
  11 komodo dragons
  10 cane toads
  A hellion (Vaults:3)
  An unseen horror (D:13)
  3 rime drakes
  4 efreet
  4 unseen horror zombies
  11 guardian mummies
  3 anaconda simulacra (Elf:1)
  4 freezing wraiths
  A kobold demonologist (D:11)
  15 yaktaurs
  A bunyip simulacrum (Tomb:1)
  2 tormentors (Abyss:4)
  A minotaur skeleton (Crypt:2)
  A yellow draconian skeleton (Crypt:1)
  9 ancient zymes
  A red devil (Depths:4)
  A harpy zombie (Crypt:2)
  22 merfolk
  A hellwing (Abyss:3)
  7 trolls
  A polar bear (shapeshifter) (Vaults:4)
  4 polar bears
  17 raiju
  The ghost of soul19 the Insei, an amateur GnSh (D:4)
  5 wind drakes
  A death drake skeleton (Crypt:3)
  2 alligator simulacra (Elf:1)
  3 hornets
  Prince Ribbit (D:7)
  A stone giant simulacrum (Depths:1)
  10 dream sheep
  2 tarantellas (shapeshifter) (D:13)
  26 slime creatures
  A dream sheep (shapeshifter) (Vaults:5)
  21 blink frogs
  A slime creature (shapeshifter) (Depths:4)
  An ice dragon zombie (Crypt:2)
  A meliai zombie (Crypt:2)
  An ettin zombie (Depths:1)
  7 snapping turtles
  3 human simulacra
  A jumping spider (shapeshifter) (Vaults:5)
  A shadow (D:11)
  An air elemental (Elf:1)
  A spriggan (shapeshifter) (D:13)
  30 flying skulls
  2 jumping spiders (Gauntlet)
  21 large abominations
  3 ynoxinuls
  An elf skeleton (Vaults:4)
  3 fire bats (Abyss:1)
  15 water elementals
  7 wraiths
  5 wyverns
  36 yaks
  2 fire elementals
  3 redbacks (Vaults:1)
  7 vampire mosquitoes
  An alligator snapping turtle simulacrum (Crypt:2)
  5 neqoxecs
  A steam dragon (D:7)
  3 basilisks
  A minotaur simulacrum (Elf:1)
  A spatial vortex (Abyss:3)
  Edmund (D:5)
  A skyshark zombie (Crypt:1)
  3 chaos spawn
  49 nagas
  2 human zombies
  2 wargs
  A glowing shapeshifter zombie (Depths:2)
  A harpy simulacrum (Elf:1)
  7 acid dragons
  Duvessa (D:5)
  7 water moccasins
  A floating eye (shapeshifter) (D:13)
  3 ice beasts
  2 blink frog zombies
  An ettin simulacrum (Vaults:4)
  A glowing shapeshifter skeleton (Depths:1)
  20 small abominations
  2 sky beasts
  An elephant zombie (Crypt:1)
  43 orc warriors
  10 ogres
  4 great orb of eyes simulacra (IceCv)
  24 centaurs
  A swamp dragon skeleton (Crypt:1)
  5 wolves (Lair:1)
  A slime creature simulacrum (IceCv)
  2 phantoms
  4 kobold brigands
  A yaktaur zombie (Crypt:2)
  7 elf zombies
  13 bullfrogs
  A gnoll sergeant (D:13)
  2 necrophages (Crypt:2)
  2 scorpions
  An earth elemental (Abyss:3)
  3 human skeletons
  8 glowing shapeshifter simulacra
  A demonspawn simulacrum (Crypt:2)
  9 wights
  Dowan (D:5)
  13 killer bees
  A lindwurm simulacrum (Elf:1)
  A troll zombie (D:9)
  2 howler monkeys
  3 centaur zombies (D:9)
  5 quasits
  3 jellies
  4 hounds
  A gnoll bouda (D:8)
  A black bear skeleton (Crypt:1)
  2 iron imps
  23 orc priests
  A sleepcap (D:8)
  20 orc wizards
  3 iguanas
  4 hell rats (Lair:2)
  7 ogre zombies (D:9)
  A naga skeleton (Crypt:3)
  A hound skeleton (Crypt:2)
  22 mummies
  15 gnolls
  4 howler monkey zombies (D:9)
  5 river rats
  19 adders
  2 white imps (Abyss:1)
  4 ufetubi
  2 worms (D:3)
  6 dart slugs
  103 orcs
  4 ball pythons
  8 bats
  11 endoplasms
  3 giant cockroaches
  11 goblins
  11 hobgoblins
  9 jackals
  13 kobolds
  5 quokkas
  4 frilled lizards
  2 frilled lizard skeletons (Crypt:3)
  2 goblin skeletons (D:9)
  5 goblin zombies
  2 hobgoblin zombies (D:9)
  A jackal skeleton (Crypt:2)
  2 orc skeletons (D:9)
  16 orc zombies
  A quokka skeleton (Crypt:3)
  10 rats
  3 lost souls (Elf:1)
  20 starspawn tentacles
2417 creatures vanquished.

Vanquished Creatures (collateral kills)
  7 foxfires (Sewer)
7 creatures vanquished.

Vanquished Creatures (others)
  A deep elf knight (Elf:2)
  A skeletal warrior (Crypt:3)
  A deep elf pyromancer (Elf:3)
  A deep elf zephyrmancer (Elf:2)
  An ugly thing (Depths:2)
  A wraith (Abyss:3)
  An orc warrior (D:15)
  An orc wizard (D:8)
  An orc (Orc:1)
  2836 foxfires
  A lost soul (Elf:1)
  A lurking horror (Abyss:4)
  22 starspawn tentacles
2869 creatures vanquished.

Grand Total: 5293 creatures vanquished

Notes
Turn   | Place    | Note
-------+----------+-------------------------------------------
     0 | D:1      | zazu2006 the Gnoll Wanderer began the quest for the Orb.
     0 | D:1      | zazu2006 set off with the following items: a +0 falchion, a
                  | +0 buckler, a scroll of fog, a +0 robe; and the following
                  | spell memorised: Foxfire; and the following spells
                  | available to memorise: Searing Ray, Hailstorm.
     0 | D:1      | Reached XP level 1. HP: 17/17 MP: 4/4
    87 | D:1      | Reached XP level 2. HP: 3/23 MP: 1/5
   342 | D:1      | Reached XP level 3. HP: 18/28 MP: 5/7
   808 | D:1      | Reached skill level 1 in Invocations
  1441 | D:2      | Reached skill level 1 in Short Blades
  1441 | D:2      | Reached skill level 1 in Axes
  1441 | D:2      | Reached skill level 1 in Maces & Flails
  1441 | D:2      | Reached skill level 1 in Polearms
  1441 | D:2      | Reached skill level 1 in Staves
  1441 | D:2      | Reached skill level 1 in Ranged Weapons
  1441 | D:2      | Reached skill level 1 in Throwing
  1441 | D:2      | Reached skill level 1 in Armour
  1441 | D:2      | Reached skill level 1 in Dodging
  1441 | D:2      | Reached skill level 1 in Unarmed Combat
  1441 | D:2      | Reached skill level 1 in Evocations
  1550 | D:2      | Reached XP level 4. HP: 34/34 MP: 6/8
  1610 | D:2      | Reached skill level 1 in Shapeshifting
  2047 | D:2      | Reached skill level 1 in Hexes
  2047 | D:2      | Reached skill level 1 in Summonings
  2047 | D:2      | Reached skill level 1 in Necromancy
  2047 | D:2      | Reached skill level 1 in Translocations
  2047 | D:2      | Reached skill level 1 in Transmutations
  2047 | D:2      | Reached skill level 1 in Fire Magic
  2047 | D:2      | Reached skill level 1 in Ice Magic
  2047 | D:2      | Reached skill level 1 in Air Magic
  2047 | D:2      | Reached skill level 1 in Earth Magic
  2047 | D:2      | Reached skill level 1 in Poison Magic
  2513 | D:3      | Reached XP level 5. HP: 30/40 MP: 9/9
  2586 | D:3      | Found a glowing drain.
  2590 | Sewer    | Entered a sewer
  2761 | Sewer    | Noticed a kobold brigand
  3051 | Sewer    | Killed a kobold brigand
  3052 | Sewer    | Reached skill level 5 in Shields
  3052 | Sewer    | Reached XP level 6. HP: 47/47 MP: 6/11
  3186 | Sewer    | Reached skill level 2 in Dodging
  4287 | D:3      | Found a bloodstained altar of Trog.
  4297 | D:3      | Found a glowing golden altar of the Shining One.
  4669 | D:3      | Reached XP level 7. HP: 52/52 MP: 10/12
  4944 | D:4      | Found an opulent altar of Gozag.
  5653 | D:4      | Found a shimmering blue altar of Sif Muna.
  5801 | D:4      | Reached skill level 5 in Stealth
  5920 | D:4      | Found a runed translucent door.
  5921 | D:4      | Noticed soul19's ghost (amateur GnSh)
  6719 | D:5      | Entered Level 5 of the Dungeon
  6775 | D:5      | Noticed Dowan
  6779 | D:5      | Noticed Duvessa
  6784 | D:5      | Noticed Edmund
  6791 | D:5      | Noticed Pikel
  6939 | D:4      | Reached XP level 8. HP: 50/60 MP: 14/14
  7034 | D:5      | Reached skill level 3 in Dodging
  7069 | D:4      | Killed Pikel
  7275 | D:5      | Killed Dowan
  7326 | D:5      | Killed Edmund
  7393 | D:5      | Reached XP level 9. HP: 66/66 MP: 3/16
  7744 | D:5      | Found a broken altar of Ashenzari.
  7777 | D:5      | Reached skill level 4 in Dodging
  7777 | D:5      | Reached skill level 5 in Spellcasting
  7837 | D:5      | Found Pibeeq's Antique Armour Boutique.
  8124 | D:6      | Reached skill level 5 in Fighting
  8124 | D:6      | Reached skill level 5 in Long Blades
  8674 | D:6      | Reached skill level 5 in Invocations
  9258 | D:7      | Found a blossoming altar of Fedhas.
  9272 | D:7      | Found a staircase to the Ecumenical Temple.
  9292 | Temple   | Entered the Ecumenical Temple
  9376 | Temple   | Became a worshipper of Vehumet
  9450 | D:7      | Noticed Prince Ribbit
  9469 | D:7      | Killed Prince Ribbit
  9546 | D:7      | You fall into a shaft and drop 2 floors!
  9718 | D:9      | Reached XP level 10. HP: 48/75 MP: 5/18
 10084 | D:9      | Reached skill level 5 in Short Blades
 10084 | D:9      | Reached skill level 5 in Axes
 10084 | D:9      | Reached skill level 5 in Maces & Flails
 10084 | D:9      | Reached skill level 5 in Polearms
 10084 | D:9      | Reached skill level 5 in Staves
 10084 | D:9      | Reached skill level 5 in Ranged Weapons
 10084 | D:9      | Reached skill level 5 in Throwing
 10084 | D:9      | Reached skill level 5 in Armour
 10084 | D:9      | Reached skill level 5 in Dodging
 10084 | D:9      | Reached skill level 5 in Unarmed Combat
 10084 | D:9      | Reached skill level 5 in Evocations
 10254 | D:9      | Found a basalt altar of Yredelemnul.
 10789 | D:9      | Reached * piety under Vehumet
 10789 | D:9      | Offered knowledge of Shock by Vehumet.
 10924 | D:9      | Found a staircase to the Orcish Mines.
 11367 | D:9      | Reached skill level 5 in Shapeshifting
 11720 | D:9      | Found Bayajidda's Dragon-Slaying Spoils.
 12157 | Orc:1    | Entered Level 1 of the Orcish Mines
 12157 | Orc:1    | Noticed an orc knight
 12183 | D:10     | Entered Level 10 of the Dungeon
 12206 | D:10     | Noticed a two-headed ogre
 12217 | D:10     | Killed a two-headed ogre
 12505 | D:8      | Reached ** piety under Vehumet
 12739 | D:8      | Identified the ring "Gibobbom" {rElec rPois rN+ SInv
                  | Stlth+}
 12753 | D:8      | Reached XP level 11. HP: 22/83 MP: 12/20
 12974 | D:8      | Found a hazy altar of Hepliaklqana.
 13162 | D:8      | Offered knowledge of Poisonous Vapours by Vehumet.
 13336 | D:8      | Reached skill level 6 in Dodging
 14289 | D:5      | Killed Duvessa
 14290 | D:5      | Reached skill level 5 in Hexes
 14290 | D:5      | Reached skill level 5 in Summonings
 14290 | D:5      | Reached skill level 5 in Necromancy
 14290 | D:5      | Reached skill level 5 in Translocations
 14290 | D:5      | Reached skill level 5 in Transmutations
 14290 | D:5      | Reached skill level 5 in Fire Magic
 14290 | D:5      | Reached skill level 5 in Ice Magic
 14290 | D:5      | Reached skill level 5 in Air Magic
 14290 | D:5      | Reached skill level 5 in Earth Magic
 14290 | D:5      | Reached skill level 5 in Poison Magic
 14442 | D:5      | Learned a level 4 spell: Iskenderun's Mystic Blast
 15488 | D:10     | Noticed a two-headed ogre
 15495 | D:10     | Killed a two-headed ogre
 15521 | D:10     | Offered knowledge of Ignite Poison by Vehumet.
 15846 | D:10     | Noticed a tengu warrior
 16055 | D:10     | Found a staircase to the Lair.
 16177 | D:10     | Learned a level 4 spell: Airstrike
 16308 | D:10     | Killed a tengu warrior
 16873 | D:11     | Reached *** piety under Vehumet
 17077 | D:11     | Noticed a cyclops
 17086 | D:11     | Killed a cyclops
 17357 | D:11     | Noticed a cyclops
 17371 | D:11     | Killed a cyclops
 17799 | D:11     | Noticed Age's ghost (journeyman MiFi)
 17891 | D:11     | Found a runed translucent door.
 17910 | D:11     | Noticed a manticore
 17971 | D:11     | Killed a manticore
 18053 | D:11     | Noticed a cyclops
 18068 | D:11     | Killed a cyclops
 18069 | D:11     | Reached XP level 12. HP: 36/91 MP: 12/23
 18316 | D:11     | Offered knowledge of Sticky Flame by Vehumet.
 18384 | D:11     | Reached skill level 7 in Dodging
 18824 | D:12     | Noticed a two-headed ogre
 18838 | D:12     | Killed a two-headed ogre
 19193 | D:12     | Noticed a boulder beetle
 19212 | D:12     | Killed a boulder beetle
 19278 | D:12     | Noticed a boulder beetle
 19620 | D:12     | Learned a level 4 spell: Sticky Flame
 19670 | D:13     | Noticed a boulder beetle
 19840 | D:12     | Killed a boulder beetle
 20395 | D:9      | Reached **** piety under Vehumet
 20476 | Orc:1    | Noticed Gastronok
 20531 | Orc:1    | Killed Gastronok
 20679 | Orc:1    | Offered knowledge of Stone Arrow by Vehumet.
 20944 | Orc:2    | Entered Level 2 of the Orcish Mines
 20980 | Orc:2    | Noticed Sonja
 20988 | Orc:2    | Killed Sonja
 21205 | Orc:2    | Noticed an orc high priest
 21348 | Orc:2    | Killed an orc high priest
 21516 | Orc:2    | Noticed Maurice
 21526 | Orc:2    | Killed Maurice
 21614 | Orc:2    | Reached skill level 8 in Dodging
 21614 | Orc:2    | Reached XP level 13. HP: 98/99 MP: 23/25
 22252 | Orc:2    | Found a staircase to the Elven Halls.
 22832 | Orc:2    | Found Urhith's Assorted Antiques.
 22832 | Orc:2    | Found Woq Cap's Assorted Antiques.
 22834 | Orc:2    | Found Vanwyn Efi's Jewellery Shop.
 22836 | Orc:2    | Found Iduam's Weapon Emporium.
 22840 | Orc:2    | Bought a pair of jewelled boots for 285 gold pieces
 22840 | Orc:2    | Identified the +2 pair of boots of the Known World {Regen+
                  | Int+6 Dex-3} (You bought it in a shop on level 2 of the
                  | Orcish Mines)
 23003 | D:10     | Learned a level 3 spell: Stone Arrow
 23177 | Lair:1   | Entered Level 1 of the Lair of Beasts
 23441 | Lair:1   | Reached ***** piety under Vehumet
 23511 | Lair:1   | Offered knowledge of Freezing Cloud by Vehumet.
 23676 | Lair:1   | Noticed Urug
 23689 | Lair:1   | Killed Urug
 24282 | Lair:2   | Found a staircase to the Shoals.
 24612 | Lair:2   | Noticed Amaemon
 24631 | Lair:2   | Killed Amaemon
 24646 | Lair:2   | Reached skill level 10 in Shields
 25125 | Lair:2   | Noticed Nergalle
 25141 | Lair:2   | Killed Nergalle
 25199 | Lair:2   | Noticed Maggie
 25207 | Lair:2   | Learned a level 5 spell: Freezing Cloud
 25214 | Lair:2   | Killed Maggie
 25447 | Lair:2   | Found a staircase to the Snake Pit.
 25820 | Lair:3   | Reached XP level 14. HP: 108/108 MP: 20/27
 25822 | Lair:3   | Reached skill level 9 in Dodging
 25931 | Lair:3   | Reached skill level 10 in Stealth
 26805 | Lair:4   | Reached skill level 10 in Invocations
 27171 | Lair:4   | Offered knowledge of Eringya's Noxious Bog by Vehumet.
 27734 | Lair:4   | Found a viscous altar of Jiyva.
 27734 | Lair:4   | Found a staircase to the Slime Pits.
 28183 | Lair:5   | Entered Level 5 of the Lair of Beasts
 28434 | Lair:5   | Reached skill level 10 in Spellcasting
 28476 | Lair:5   | Reached skill level 10 in Fighting
 28476 | Lair:5   | Reached skill level 10 in Long Blades
 28777 | Lair:5   | Identified a scroll of acquirement
 28778 | Lair:5   | Acquired the +3 greatsling "Punk" {acid, rCorr}
 28778 | Lair:5   | Found the +3 greatsling "Punk" {acid, rCorr}
 29131 | Lair:5   | Reached skill level 10 in Conjurations
 29131 | Lair:5   | Reached XP level 15. HP: 69/115 MP: 12/29
 29270 | Lair:5   | Offered knowledge of Starburst by Vehumet.
 29271 | Lair:5   | Reached skill level 10 in Short Blades
 29271 | Lair:5   | Reached skill level 10 in Axes
 29271 | Lair:5   | Reached skill level 10 in Maces & Flails
 29271 | Lair:5   | Reached skill level 10 in Polearms
 29271 | Lair:5   | Reached skill level 10 in Staves
 29271 | Lair:5   | Reached skill level 10 in Ranged Weapons
 29271 | Lair:5   | Reached skill level 10 in Throwing
 29271 | Lair:5   | Reached skill level 10 in Armour
 29271 | Lair:5   | Reached skill level 10 in Dodging
 29271 | Lair:5   | Reached skill level 10 in Unarmed Combat
 29271 | Lair:5   | Reached skill level 10 in Evocations
 30108 | Orc:1    | Found Ogut Kabb's Antique Armour Boutique.
 30510 | Snake:1  | Entered Level 1 of the Snake Pit
 31247 | Snake:1  | Offered knowledge of Plasma Beam by Vehumet.
 32269 | Snake:2  | Noticed Aizul
 32399 | Snake:1  | Killed Aizul
 33151 | Snake:2  | Reached XP level 16. HP: 82/125 MP: 25/31
 33374 | Snake:2  | Noticed a nagaraja
 33389 | Snake:2  | Killed a nagaraja
 33570 | Snake:2  | Noticed Vashnia
 33572 | Snake:2  | Reached skill level 10 in Shapeshifting
 33595 | Snake:2  | Killed Vashnia
 33745 | Snake:2  | Reached skill level 11 in Dodging
 34479 | Snake:3  | Found Usidauf's Antique Armour Shoppe.
 34488 | Snake:3  | Bought a pair of glowing gloves for 225 gold pieces
 35336 | Snake:3  | Found Itiac's Book Shoppe.
 35338 | Snake:3  | Found Tynlebba's Jewellery Boutique.
 35339 | Snake:3  | Found Basiby's Book Shoppe.
 35351 | Snake:3  | Bought a manual of Dodging for 1360 gold pieces
 35732 | Snake:4  | Entered Level 4 of the Snake Pit
 35781 | Snake:4  | Offered knowledge of Arcjolt by Vehumet.
 35889 | Snake:4  | Noticed a nagaraja
 35902 | Snake:4  | Killed a nagaraja
 35999 | Snake:4  | Noticed a nagaraja
 36018 | Snake:4  | Killed a nagaraja
 36135 | Snake:4  | Noticed a nagaraja
 36146 | Snake:4  | Killed a nagaraja
 36381 | Snake:4  | Noticed a nagaraja
 36388 | Snake:4  | Killed a nagaraja
 36412 | Snake:4  | Reached XP level 17. HP: 133/133 MP: 24/32
 36712 | Snake:4  | Reached skill level 12 in Dodging
 36881 | Snake:4  | HP: 6/133 [guardian serpent/bolt of poison (7)]
 37706 | Snake:4  | Reached skill level 10 in Hexes
 37706 | Snake:4  | Reached skill level 10 in Summonings
 37706 | Snake:4  | Reached skill level 10 in Necromancy
 37706 | Snake:4  | Reached skill level 10 in Translocations
 37706 | Snake:4  | Reached skill level 10 in Transmutations
 37706 | Snake:4  | Reached skill level 10 in Fire Magic
 37706 | Snake:4  | Reached skill level 10 in Ice Magic
 37706 | Snake:4  | Reached skill level 10 in Air Magic
 37706 | Snake:4  | Reached skill level 10 in Earth Magic
 37706 | Snake:4  | Reached skill level 10 in Poison Magic
 37746 | Snake:4  | Got a serpentine rune of Zot
 38163 | D:13     | Reached ****** piety under Vehumet
 38283 | D:13     | Found a gate to the Vaults.
 38760 | D:13     | Found a runed translucent door.
 39349 | D:13     | Offered knowledge of Spellforged Servitor by Vehumet.
 39897 | D:13     | Acquired the amulet of the Suburbs {Regen+ Dex+6}
 40134 | D:14     | Found a broken altar of Ashenzari.
 41108 | D:15     | Entered Level 15 of the Dungeon
 41123 | D:15     | Reached skill level 13 in Dodging
 41148 | D:15     | Found a gate leading to a gauntlet.
 41162 | Gauntlet | Entered a Gauntlet
 41162 | Gauntlet | Found a transporter.
 41181 | Gauntlet | Found a runed translucent door.
 41183 | Gauntlet | Found a transporter.
 41185 | Gauntlet | Found a runed translucent door.
 41195 | Gauntlet | Found a transporter.
 41199 | Gauntlet | Found a transporter.
 41209 | Gauntlet | Found a transporter.
 41229 | Gauntlet | Found a transporter.
 41234 | Gauntlet | Found a transporter.
 41261 | Gauntlet | Found a transporter.
 41281 | Gauntlet | Found a transporter.
 41285 | Gauntlet | Found a transporter.
 41297 | Gauntlet | Found a transporter.
 41314 | Gauntlet | Found a transporter.
 41460 | Gauntlet | Identified the ring of Foolhardiness {rN+ Slay+6}
 41580 | Gauntlet | Identified the amulet "Ciomia" {Reflect +Inv rElec rC-
                  | SH+5}
 41752 | D:15     | Found a staircase to the Depths.
 42312 | D:15     | Reached XP level 18. HP: 125/141 MP: 16/34
 43105 | D:15     | Offered knowledge of Ozocubu's Refrigeration by Vehumet.
 43114 | D:15     | Learned a level 7 spell: Ozocubu's Refrigeration
 43595 | Elf:1    | Entered Level 1 of the Elven Halls
 43605 | Elf:1    | Noticed Frances
 43623 | Elf:1    | Killed Frances
 43659 | Elf:1    | Found a frozen archway.
 43695 | IceCv    | Entered an ice cave
 44610 | IceCv    | Got the ring "Locway" {Ice rN+ Int+2}
 45790 | IceCv    | Found a viscous altar of Jiyva.
 46001 | IceCv    | Reached skill level 14 in Dodging
 46039 | IceCv    | Got Nuucipn's Spellbook of Glaciation
 46041 | IceCv    | Got the ring of Lucidity {Ice Will+++ Str-4 Dex+2}
 46308 | D:4      | Killed soul19's ghost
 46481 | D:11     | Killed Age's ghost
 47155 | Elf:1    | Paralysed by an air elemental for 1 turns
 47162 | Elf:1    | Paralysed by an air elemental for 1 turns
 47386 | Elf:1    | Identified the +7 shortbow "Jeocwaz" {speed, Fragile rPois
                  | Int+3 Dex+3}
 48468 | Elf:1    | HP: 6/143 [freezing wraith[a curse skull] (9)]
 48701 | Elf:1    | Offered knowledge of Lehudib's Crystal Spear by Vehumet.
 48701 | Elf:1    | Offered knowledge of Shatter by Vehumet.
 48701 | Elf:1    | Offered knowledge of Chain Lightning by Vehumet.
 48963 | Elf:1    | Reached XP level 19. HP: 83/131 MP: 7/36
 49315 | Elf:1    | Identified the +8 morningstar "Jellybane" {heavy, rF- rN++
                  | Dex+10 Stlth+}
 49360 | Elf:2    | Found Roopuan's Distillery.
 49549 | Elf:2    | Bought a potion of curing for 42 gold pieces
 49815 | Elf:2    | Found a runed translucent gate.
 49815 | Elf:2    | Found a runed translucent gate.
 49815 | Elf:2    | Found a runed translucent gate.
 50032 | Elf:2    | Found a runed translucent gate.
 50032 | Elf:2    | Found a runed translucent gate.
 50032 | Elf:2    | Found a runed translucent gate.
 50032 | Elf:2    | Found an opulent altar of Gozag.
 50032 | Elf:2    | Noticed Sundig's ghost (adept DgFi)
 50476 | Elf:2    | Got Imumekola's Handbook of Ectoplasm
 50585 | Elf:3    | Entered Level 3 of the Elven Halls
 51172 | Elf:3    | Noticed an Ice Fiend
 51260 | Elf:3    | Reached skill level 15 in Dodging
 51538 | Elf:3    | Found a shimmering blue altar of Sif Muna.
 51541 | Elf:3    | Noticed Roxanne
 51614 | Elf:3    | Killed Roxanne
 51954 | Elf:3    | Noticed a Brimstone Fiend
 52045 | Elf:3    | Identified the ring "Kipim" {Str+6 SInv}
 52531 | Elf:3    | Identified the +1 ring mail "Noriu" {rF- Will++ Int+2}
 53046 | Elf:3    | Identified the ring "Pothry" {Fly rPois rCorr Str+6 Slay-3}
 53131 | Elf:3    | Identified the +3 falchion "Leviticus" {venom, rN++ Int+3}
 53134 | Elf:3    | Identified the staff "Zuih" {rPois rF+ rC+ Dex+3 Fire}
 53264 | Elf:3    | Got the Opusculum on the Scorched Queen Bee
 53268 | Elf:3    | Got Sif Muna's Collected Works on the Barrage and the
                  | Sphinx
 53877 | Elf:3    | Identified the +15 plate armour of Ashenzari's Favour {+Inv
                  | Int+3}
 54206 | Depths:1 | Entered Level 1 of the Depths
 54216 | Depths:1 | Reached XP level 20. HP: 158/158 MP: 25/37
 54728 | Depths:1 | Found a one-way gate to the infinite horrors of the Abyss.
 55016 | Depths:1 | Reached skill level 15 in Invocations
 55245 | Depths:1 | Reached skill level 16 in Dodging
 55334 | Depths:1 | Identified the +10 war axe "Wenuloli" {drain, Str+2}
 55743 | Depths:1 | Found a sparkling altar of Nemelex Xobeh.
 55810 | Depths:1 | Found a gateway to Hell.
 56045 | Depths:1 | Found a one-way gate leading to the halls of Pandemonium.
 56617 | Depths:2 | Found a flickering gateway to a bazaar.
 56629 | Bazaar   | Entered a bazaar
 56725 | Bazaar   | Found Disayjy's Distillery.
 56733 | Bazaar   | Bought a potion of heal wounds for 45 gold pieces
 56736 | Bazaar   | Found Jazy's Distillery.
 56740 | Bazaar   | Found Tiqiw's Antique Weapon Emporium.
 56743 | Bazaar   | Bought 2 potions of heal wounds for 100 gold pieces
 56744 | Bazaar   | Found Lazuo's Antique Weapon Emporium.
 56785 | Bazaar   | Found Saomel's Jewellery Boutique.
 56812 | Bazaar   | Bought a potion of curing for 27 gold pieces
 56812 | Bazaar   | Bought a potion of curing for 27 gold pieces
 56812 | Bazaar   | Bought a potion of curing for 27 gold pieces
 56821 | Bazaar   | Bought a potion of curing for 30 gold pieces
 56821 | Bazaar   | Bought a potion of might for 40 gold pieces
 57773 | Depths:2 | Found a runed translucent door.
 58088 | Depths:2 | Learned a level 5 spell: Alistair's Intoxication
 58108 | Depths:2 | Reached skill level 15 in Shields
 58275 | Depths:3 | Reached XP level 21. HP: 166/166 MP: 20/39
 58766 | Depths:3 | Reached skill level 15 in Stealth
 59032 | Depths:3 | Found an opulent altar of Gozag.
 59069 | Depths:3 | Reached skill level 17 in Dodging
 59918 | Depths:4 | Entered Level 4 of the Depths
 59942 | Depths:4 | Found a hide-covered altar of Uskayaw.
 60128 | Depths:4 | Found a one-way gateway to a ziggurat.
 60371 | Depths:4 | Noticed a golden dragon
 60818 | Depths:4 | Reached skill level 15 in Spellcasting
 61067 | Depths:4 | Reached skill level 15 in Fighting
 61067 | Depths:4 | Reached skill level 15 in Long Blades
 62098 | Depths:4 | Found a gate to the Realm of Zot.
 62102 | Depths:4 | Noticed a bone dragon
 62143 | Depths:4 | Killed a bone dragon
 62247 | Depths:4 | Killed a golden dragon
 62634 | Depths:4 | Reached skill level 15 in Short Blades
 62634 | Depths:4 | Reached skill level 15 in Axes
 62634 | Depths:4 | Reached skill level 15 in Maces & Flails
 62634 | Depths:4 | Reached skill level 15 in Polearms
 62634 | Depths:4 | Reached skill level 15 in Staves
 62634 | Depths:4 | Reached skill level 15 in Ranged Weapons
 62634 | Depths:4 | Reached skill level 15 in Throwing
 62634 | Depths:4 | Reached skill level 15 in Armour
 62634 | Depths:4 | Reached skill level 15 in Unarmed Combat
 62634 | Depths:4 | Reached skill level 15 in Evocations
 63125 | Depths:2 | Reached XP level 22. HP: 156/173 MP: 9/41
 63342 | Depths:2 | Got the Spellbook of the Sweltering Escort
 63679 | Shoals:1 | Entered Level 1 of the Shoals
 63707 | Shoals:1 | Reached skill level 18 in Dodging
 64528 | Shoals:1 | Found Piles's Book Shoppe.
 65263 | Shoals:2 | Noticed Mlioglotl
 65285 | Shoals:2 | Killed Mlioglotl
 65465 | Shoals:2 | Identified the +2 scale mail of the Sufficient God {rElec
                  | Int+3}
 66925 | Shoals:4 | Entered Level 4 of the Shoals
 66974 | Shoals:4 | Reached skill level 15 in Ice Magic
 67027 | Shoals:4 | Got a barnacled rune of Zot
 67119 | Shoals:4 | Noticed Louise
 67512 | Shoals:4 | Upgraded the game from 0.31-a0-716-gc7603755dd to
                  | 0.31-a0-728-g01b46875f1
 67581 | Shoals:4 | Got the Enchiridion on the Cumulonimbus
 67601 | Shoals:4 | Killed Louise
 68644 | Vaults:1 | Entered Level 1 of the Vaults
 68671 | Vaults:1 | Found Hoexiyc's General Store.
 68723 | Vaults:1 | Identified the staff of the Spectre {rElec rPois Str+3
                  | Poison}
 69877 | Vaults:1 | Reached XP level 23. HP: 167/183 MP: 42/42
 69953 | Vaults:1 | Reached skill level 19 in Dodging
 70289 | Vaults:2 | Noticed Boris
 70394 | Vaults:2 | Learned a level 7 spell: Orb of Destruction
 70683 | Vaults:2 | Killed Boris
 70772 | Vaults:2 | Found a runed translucent gate.
 70772 | Vaults:2 | Found a runed translucent gate.
 70772 | Vaults:2 | Found a runed translucent gate.
 70772 | Vaults:2 | Noticed ShaperDreaming's ghost (adept VSBr)
 70835 | Vaults:2 | Found a staircase to the Crypt.
 71924 | Vaults:2 | Found a viscous altar of Jiyva.
 72148 | Vaults:3 | Found a transporter.
 72298 | Vaults:3 | Noticed Qecvurom's ghost (adept DrRe)
 72319 | Vaults:3 | Found a transporter.
 72612 | Vaults:3 | Identified the +5 mace of Untimely Demise {drain, rPois
                  | rCorr Int-2 Stlth+}
 72752 | Vaults:3 | Noticed Bai Suzhen
 72796 | Vaults:3 | Killed Bai Suzhen
 73170 | Vaults:3 | Found Baurucea's Antique Armour Shop.
 74137 | Vaults:4 | Reached skill level 15 in Shapeshifting
 74240 | Vaults:4 | Found Forgh's Book Boutique.
 74589 | Vaults:4 | Identified the +1 spear of Quantum Leap {heavy, +Blink
                  | Int+2}
 75052 | Vaults:4 | Reached XP level 24. HP: 193/193 MP: 38/43
 75415 | Vaults:4 | Reached skill level 20 in Dodging
 75652 | Vaults:5 | Entered Level 5 of the Vaults
 75657 | Vaults:5 | Noticed a dread lich
 76456 | Elf:1    | Identified the +1 pair of boots of Imperfection {-Tele
                  | rN+++ Str+3 Dex-4}
 77080 | Elf:2    | Reached skill level 15 in Conjurations
 78212 | Vaults:4 | Killed a dread lich
 78468 | Vaults:5 | Noticed a dread lich
 78477 | Vaults:5 | Killed a dread lich
 78605 | Vaults:4 | Learned a level 5 spell: Lee's Rapid Deconstruction
 79854 | Vaults:5 | Identified the +2 robe of Xanurup {rElec Archmagi}
 80087 | Vaults:5 | Reached XP level 25. HP: 201/201 MP: 37/44
 80652 | Vaults:5 | Identified the +8 shadow dragon scales of Xaurut {rPois
                  | Dex+3 Slay+3 Stlth++++}
 80720 | Vaults:5 | Reached skill level 21 in Dodging
 80909 | Vaults:5 | Got a silver rune of Zot
 81523 | Vaults:5 | Identified the ring "Wazi Dabi" {Contam rF+ AC+4 Int+2}
 81535 | Vaults:5 | Found the +8 storm bow {elec, penet}
 81560 | Vaults:5 | Identified the +0 ring mail of Xodixiho {Fly Will- Str-5
                  | Dex+5}
 82149 | Orc:2    | Bought the +7 scimitar "Maumi" {holy, Dex+5} for 955 gold
                  | pieces
 82425 | Crypt:1  | Entered Level 1 of the Crypt
 82656 | Crypt:1  | Noticed Boris
 82669 | Crypt:1  | Killed Boris
 84360 | Crypt:3  | Entered Level 3 of the Crypt
 84407 | Crypt:3  | Noticed Boris
 84425 | Crypt:3  | Killed Boris
 84881 | Crypt:2  | Found an ancient bone altar of Kikubaaqudgha.
 85048 | Crypt:3  | Found a staircase to the Tomb.
 85243 | Crypt:3  | Noticed a dread lich
 85615 | Crypt:3  | Killed a dread lich
 85616 | Crypt:3  | Reached skill level 15 in Hexes
 85616 | Crypt:3  | Reached skill level 15 in Summonings
 85616 | Crypt:3  | Reached skill level 15 in Necromancy
 85616 | Crypt:3  | Reached skill level 15 in Translocations
 85616 | Crypt:3  | Reached skill level 15 in Transmutations
 85616 | Crypt:3  | Reached skill level 15 in Fire Magic
 85616 | Crypt:3  | Reached skill level 15 in Air Magic
 85616 | Crypt:3  | Reached skill level 15 in Earth Magic
 85616 | Crypt:3  | Reached skill level 15 in Poison Magic
 85713 | Crypt:3  | Identified the +0 pair of boots "Coc Ciwn" {rC- rN+++ Str+5
                  | Dex-5}
 85718 | Crypt:3  | Identified the ring "Regugu" {rN+ Will+}
 85718 | Crypt:3  | Identified the amulet of the Scarab {rC+ Regen+ Int+2}
 85718 | Crypt:3  | Identified the ring "Jidushre" {*Corrode rElec rN+ Dex+5}
 85720 | Crypt:3  | Identified the +5 kite shield "Ytzitil" {-Tele rElec rPois
                  | Will+}
 85734 | Crypt:3  | Identified the +6 short sword of Norchup {drain, rElec
                  | Stlth+}
 85792 | Tomb:1   | Entered Level 1 of the Tomb of the Ancients
 86074 | Tomb:1   | Reached XP level 26. HP: 211/211 MP: 44/44
 86254 | Tomb:1   | Noticed a royal mummy
 86422 | Tomb:1   | Killed a royal mummy
 86583 | Tomb:1   | Reached skill level 22 in Dodging
 87171 | Tomb:1   | Noticed a royal mummy
 87183 | Tomb:1   | Killed a royal mummy
 87740 | Vaults:3 | Killed Qecvurom's ghost
 88064 | Vaults:3 | Voluntarily entered the Abyss.
 88600 | Abyss:1  | Found a corrupted altar of Lugonu.
 88643 | Abyss:1  | Found a corrupted altar of Lugonu.
 88651 | Abyss:1  | Found a corrupted altar of Lugonu.
 88651 | Abyss:1  | Found a corrupted altar of Lugonu.
 89047 | Abyss:2  | Found a corrupted altar of Lugonu.
 89083 | Abyss:2  | Found a corrupted altar of Lugonu.
 89173 | Abyss:2  | Found a corrupted altar of Lugonu.
 89199 | Abyss:3  | Found a corrupted altar of Lugonu.
 89336 | Abyss:3  | Gained mutation: You sometimes lose your temper in combat.
                  | [a neqoxec]
 89436 | Abyss:3  | Found a corrupted altar of Lugonu.
 89480 | Abyss:3  | Found a corrupted altar of Lugonu.
 89640 | Abyss:3  | Paralysed by accursed screaming for 2 turns
 89815 | Abyss:4  | Found a corrupted altar of Lugonu.
 89892 | Abyss:4  | Found a corrupted altar of Lugonu.
 89997 | Vaults:3 | Escaped the Abyss
 90117 | Vaults:3 | Voluntarily entered the Abyss.
 90351 | Abyss:4  | Reached XP level 27. HP: 219/219 MP: 43/45
 90443 | Abyss:4  | Paralysed by accursed screaming for 1 turns
 90451 | Abyss:4  | Paralysed by accursed screaming for 1 turns
 90470 | Abyss:4  | HP: 15/328 [starcursed mass/accursed screaming (15)]
 90470 | Abyss:4  | Paralysed by accursed screaming for 1 turns
 90471 | Abyss:4  | HP: 5/328 [starcursed mass (10)]
 90471 | Abyss:4  | Killed from afar by a starcursed mass

Illustrated notes

Levels and vault maps discovered:
D:1:      minmay_arrival_checkered_box, layout_basic
D:2:      minmay_diamond_boxcup, layout_basic
D:3:      layout_basic, chequers_temple_overflow_statue_of_worship,
          gup_sewer_entry_bowl
D:4:      layout_basic, mainiacjoe_overflow_big_doors, gammafunk_ghost_grave,
          nicolae_half_adder
D:5:      layout_cave_pools, nicolae_overflow_crystal_walls, serial_shops, shop,
          kennysheep_generic_room_4, uniq_edmund, uniq_pikel, uniq_duvessa
D:6:      layout_rooms
D:7:      layout_basic, mainiacjoe_overflow_surrounded_room,
          minmay_temple_entry_waves, hangedman_decor_opposing,
          minmay_misc_feat_secret_circle, uniq_prince_ribbit1
D:8:      layout_loops_ring, nicolae_hepliaklqana_hazy_memory,
          corexii_checkpoint_b, minmay_crossroads
D:9:      layout_layer_cave, nicolae_yredelemnul_corpse_copse,
          zombieorc2_lemuel, nicolae_shop_dragon_depot
D:10:     minmay_clustersquares, layout_basic, david_lair_shrubbed,
          kennysheep_cross_bottleneck
D:11:     layout_long_grid, hellmonk_ghost_big_iron, skrybe_limestone_x,
          mrwooster_statue_mirror
D:12:     layout_rooms
D:13:     gammafunk_mikee_crab_dinner, layout_gridville,
          lightli_vaults_fourway_checkpoint
D:14:     layout_roguey, minmay_misc_feat_tower, ashenzari_altar_1
D:15:     gammafunk_depths_entry_grave, layout_small_grid,
          gauntlet_entry_generic, nicolae_concentric_dashed_squares_wild,
          special_room [special_room_orc]
Temple:   nicolae_temple_superstar
Lair:1:   layout_gridlike, uniq_urug
Lair:2:   layout_small_grid, nicolae_shoals_entry_roost,
          nicolae_snake_entry_squirm, uniq_amaemon, uniq_nergalle, uniq_maggie
Lair:3:   layout_hall_layers, st_stairs_12, serial_bayou_shore_b
Lair:4:   layout_cave_pods, dpeg_slime_entry_enclosed, serial_bayou_shore_a,
          grunt_megastairs_3
Lair:5:   hangedman_lair_in_review, layout_loops_ring
Shoals:1: layout_shoals, serial_shops, nicolae_diamond_shop,
          nicolae_shoals_beach_house_on_fowls_legs
Shoals:2: layout_shoals, nicolae_shoals_nymph_descending_staircase,
          uniq_mlioglotl
Shoals:3: layout_shoals
Shoals:4: shoals_end_grunt_garden, layout_shoals, uniq_louise
Snake:1:  layout_onion, serial_bayou_shore_b, nicolae_integral_box
Snake:2:  layout_concentric_octagons, nicolae_snake_gridmaze_waves,
          nicolae_snake_gridmaze_zigzag, nicolae_snake_salamander_fort,
          uniq_aizul, uniq_vashnia
Snake:3:  layout_honeycomb, serial_shops, shop, minmay_shop_grove
Snake:4:  grunt_snake_rune_serpentine_throne, layout_cave_town
Orc:1:    layout_caves, serial_shops, shop, uniq_gastronok
Orc:2:    st_orc_rangers, layout_caves, uniq_maurice, uniq_sonja
Elf:1:    eino_elf_arrival_sip, layout_geoelf_octagon,
          portal_ice_cave_entry_ice_simulacra, minivault_28,
          nicolae_elf_deep_mausoleum, uniq_frances
Elf:2:    elven_hall_of_blades_hangedman_original
          [nicolae_blade_entry_sentries_behind_glass], layout_geoelf_diagonals,
          ebering_ghost_gozag, serial_shops, shop, st_stairs_10, drop_trap,
          minmay_elf_necromancy
Elf:3:    minmay_elf_hall_furrowed, layout_rooms, basic_altar, uniq_roxanne
Vaults:1: nicolae_vaults_double_plus_1, hangedman_vaults_river_flow,
          nicolae_vaults_six-pack, vaults_room_hangedman_quadrants,
          hangedman_vaults_stretched_pinwheel, nicolae_vaults_wine_cellar,
          vaults_room_boxed, nicolae_vaults_cochlea,
          vaults_standard_mumra_enter_the_diamond, v_misc_10,
          vaults_room_stairs_pillars, nicolae_vaults_little_squares_3,
          layout_vaults_ring, serial_shops, shop
Vaults:2: gammafunk_ghost_ooze, grunt_vaults_focal, vaults_dpeg_spiral,
          nicolae_vaults_tetromino_T_2, nicolae_vaults_diamond_2,
          nicolae_vaults_security_offices_5, nicolae_vaults_specimen_jars,
          minmay_crypt_entry_simple_sparse, vaults_dpeg_diagonal,
          nicolae_vaults_shelves_hall, nicolae_vaults_border_crossing,
          layout_vaults_quadrants, uniq_boris
Vaults:3: gammafunk_ghost_abyssal_escape, nicolae_vaults_security_offices_6,
          nicolae_vaults_yaktaur_gun_rack,
          vaults_standard_mumra_enter_the_diamond, nicolae_vaults_circle_grid_b,
          nicolae_vaults_apartment_1, nicolae_vaults_hallways_thing,
          vaults_room_grunt_arrival_checkpoint, layout_vaults_omnicross,
          serial_shops, nicolae_shop_trees, uniq_bai_suzhen
Vaults:4: grunt_vaults_trifunnel, v_misc_26, nicolae_vaults_tetromino_T_2,
          vaults_room_ringed_pool, nicolae_vaults_apartment_1,
          nicolae_vaults_turnstiles, v_misc_1, hangedman_vaults_restitches,
          nicolae_vaults_apartment_2, nicolae_vaults_trapezoid_4,
          nicolae_vaults_double_plus_1, vaults_dpeg_ring,
          hangedman_vaults_slice, vaults_dpeg_encased_lava,
          layout_vaults_big_room, serial_shops,
          nicolae_shop_pleasant_corner_grove
Vaults:5
Crypt:1:  layout_chaotic_city, roderic_lattice_octagonal_star,
          grunt_crypt_arrival_guarded_gate, grunt_megastairs_4
Crypt:2:  layout_regular_city, nicolae_crypt_small_crypt, lemuel_upstairs_altar,
          uniq_margery
Crypt:3:  david_glass_crypt, layout_gridlike,
          nicolae_tomb_entry_unfolded_pyramid_diagonal,
          nicolae_crypt_ancient_font
Tomb:1
Depths:1: layout_cave_shapes, hangedman_geh_valley, rand_demon_pan_entry_9,
          nicolae_abyss_entry_one_way_or_another, grunt_decor_one_mirror,
          nemelex_diamond_rough_becter
Depths:2: minmay_gate_of_8, layout_basic, hellmouth_3,
          abyss_entry_small_statue_room, minmay_misc_feat_hallway, pan_entry,
          serial_shops, bzr_firewalk
Depths:3: kennysheep_funnel, layout_basic, abyss_entry_crystal, hell_entry,
          nicolae_gozag_seed_capital, serial_bayou_shore_b,
          infiniplex_staircase_diamond
Depths:4: grunt_zot_entry_bicorn, layout_long_grid, enter_ziggurat_b,
          nicolae_uskayaw_murder_on_the_dancefloor, abyss_entry,
          grunt_hell_horde, rand_demon_pan_entry_5, grunt_decor_resistance
Abyss:4:  base: Zot:1, minivault_22, hangedman_abyss_or_decor_slice,
          evilmike_abyss_exit_plants,
          evilmike_nicolae_abyss_rune_containment_curve, base: Lair:4,
          abyss_exit_lava, evilmike_abyss_exit_mutagenic,
          nicolae_abyss_rune_left_handed

Skill      XL: |  1  2  3  4  5  6  7  8  9 10 11 12 13 14 15 16 17 18 19 20 21 22 23 24 25 26 27 |
---------------+----------------------------------------------------------------------------------+-----
Invocations    | 1 2 3 4 5 6 7 8 9 10 11 12 13 14 15 16 17 18 19 | 19.9
Short Blades   | 1 2 3 4 5 6 8 9 10 11 12 13 14 15 16 17 18 | 18.4
Axes           | 1 2 3 4 5 6 8 9 10 11 12 13 14 15 16 17 18 | 18.4
Maces & Flails | 1 2 3 4 5 6 8 9 10 11 12 13 14 15 16 17 18 | 18.4
Polearms       | 1 2 3 4 5 6 8 9 10 11 12 13 14 15 16 17 18 | 18.4
Staves         | 1 2 3 4 5 6 8 9 10 11 12 13 14 15 16 17 18 | 18.4
Ranged Weapons | 1 2 3 4 5 6 8 9 10 11 12 13 14 15 16 17 18 | 18.4
Throwing       | 1 2 3 4 5 6 8 9 10 11 12 13 14 15 16 17 18 | 18.4
Armour         | 1 2 3 4 5 6 8 9 10 11 12 13 14 15 16 17 18 | 18.4
Dodging        | 1 2 3 4 5 6 8 9 10 11 13 14 15 16 17 18 19 20 21 22 | 22.9
Unarmed Combat | 1 2 3 4 5 6 8 9 10 11 12 13 14 15 16 17 18 | 18.4
Evocations     | 1 2 3 4 5 6 8 9 10 11 12 13 14 15 16 17 18 | 18.4
Shapeshifting  | 1 2 3 4 5 6 7 8 9 10 11 12 13 14 15 16 17 | 17.0
Spellcasting   | 3 4 5 6 7 8 9 10 11 12 13 14 15 16 17 18 | 18.6
Hexes          | 1 2 3 4 5 6 7 8 9 10 11 12 13 14 15 | 15.6
Summonings     | 1 2 3 4 5 6 7 8 9 10 11 12 13 14 15 | 15.6
Necromancy     | 1 2 3 4 5 6 7 8 9 10 11 12 13 14 15 | 15.6
Translocations | 1 2 3 4 5 6 7 8 9 10 11 12 13 14 15 | 15.6
Transmutations | 1 2 3 4 5 6 7 8 9 10 11 12 13 14 15 | 15.6
Fire Magic     | 1 2 3 4 5 6 7 8 9 10 11 12 13 14 15 | 15.6
Ice Magic      | 1 2 3 4 5 6 7 8 9 10 11 12 13 14 15 16 17 18 19 | 19.2
Air Magic      | 1 2 3 4 5 6 7 8 9 10 11 12 13 14 15 | 15.6
Earth Magic    | 1 2 3 4 5 6 7 8 9 10 11 12 13 14 15 | 15.6
Poison Magic   | 1 2 3 4 5 6 7 8 9 10 11 12 13 14 15 | 15.6
Fighting       | 3 4 5 6 7 8 9 10 11 12 13 14 15 16 17 18 | 18.5
Long Blades    | 3 4 5 6 7 8 9 10 11 12 13 14 15 16 17 19 | 19.3
Shields        | 5 6 7 8 9 10 11 12 13 14 15 16 17 18 | 18.8
Stealth        | 5 6 7 8 9 10 11 12 13 14 15 16 17 18 | 18.8
Conjurations   | 6 7 8 9 10 11 12 13 14 15 16 | 16.5

Action                     |  1- 3 |  4- 6 |  7- 9 | 10-12 | 13-15 | 16-18 | 19-21 | 22-24 | 25-27 || total
---------------------------+-------+-------+-------+-------+-------+-------+-------+-------+-------++-------
  Melee: Falchion          |    29 |   135 |    51 |   138 |       |       |       |       |       ||   353
         Bite              |     1 |    15 |     7 |    39 |    82 |   123 |   149 |   281 |   306 ||  1003
         Long sword        |       |       |       |    81 |   560 |   648 |   658 |  1134 |    82 ||  3163
         Unarmed           |       |       |       |       |    14 |     4 |    24 |   139 |       ||   181
         Scimitar          |       |       |       |       |       |       |       |       |  1515 ||  1515
   Cast: Foxfire           |    42 |    93 |   371 |   907 |   151 |    67 |     5 |     8 |     3 ||  1647
         Iskenderun's Myst |       |       |       |     7 |     7 |     4 |     5 |    27 |     9 ||    59
         Sticky Flame      |       |       |       |    27 |    63 |   100 |    90 |    42 |     1 ||   323
         Stone Arrow       |       |       |       |       |   172 |   336 |   523 |   202 |    44 ||  1277
         Freezing Cloud    |       |       |       |       |   110 |   172 |   177 |   252 |    15 ||   726
         Airstrike         |       |       |       |       |       |     8 |     5 |       |     1 ||    14
         Ozocubu's Refrige |       |       |       |       |       |       |     1 |       |     1 ||     2
         Alistair's Intoxi |       |       |       |       |       |       |       |     1 |       ||     1
         Orb of Destructio |       |       |       |       |       |       |       |    69 |    60 ||   129
         Lee's Rapid Decon |       |       |       |       |       |       |       |     3 |     4 ||     7
  Evoke: Wand              |       |       |    12 |    40 |       |     7 |     2 |       |       ||    61
         Phial of floods   |       |       |       |       |       |     2 |     2 |       |       ||     4
    Use: Scroll            |       |     4 |     7 |     4 |     7 |    15 |     6 |     3 |     5 ||    51
         Potion            |       |     3 |     1 |     3 |     1 |    12 |     2 |     4 |     4 ||    30
   Stab: Sleeping          |     3 |     4 |       |     2 |     3 |     3 |     4 |    12 |    27 ||    58
         Distracted        |       |       |       |       |     2 |       |     1 |     1 |     9 ||    13
         Petrified         |       |       |       |       |       |       |       |       |     2 ||     2
 Armour: Robe              |    19 |    71 |   110 |   300 |       |       |       |       |       ||   500
         Steam dragon scal |       |       |       |    27 |       |       |       |       |       ||    27
         Acid dragon scale |       |       |       |    98 |   560 |   717 |   393 |       |       ||  1768
         Quicksilver drago |       |       |       |       |       |       |   255 |   813 |   679 ||  1747
  Dodge: Dodged            |    13 |   102 |   131 |   455 |   534 |   562 |   529 |   882 |  1238 ||  4446
  Block: Buckler           |     4 |    30 |    41 |   237 |   361 |   383 |   352 |   590 |   856 ||  2854
         Reflection        |       |       |       |     9 |    37 |    32 |    25 |    66 |     3 ||   172

Table legend: (Time is in decaauts)
 A = Elapsed time spent in this place.
 B = Non-inter-level travel time spent in this place.
 C = Inter-level travel time spent in this place.
 D = Time resting spent in this place.
 E = Time spent auto-exploring this place.
 F = Levels seen in this place.
 G = Mean time per level.
                   A        B        C        D        E       F      G
               +--------+--------+--------+--------+--------+-----+--------+
         Total |  89940 |  82922 |   7018 |  17291 |  44521 |  56 | 1606.1 |
       Dungeon |  26893 |  23787 |   3106 |   3022 |  16266 |  15 | 1792.9 |
        Temple |    109 |     84 |     25 |      0 |     59 |   1 |  109.0 |
          Lair |   7142 |   6567 |    575 |    987 |   4318 |   5 | 1428.4 |
        Shoals |   4791 |   4634 |    157 |    979 |   2655 |   4 | 1197.8 |
     Snake Pit |   7428 |   7218 |    210 |   2646 |   3331 |   4 | 1857.0 |
  Orcish Mines |   3472 |   2811 |    661 |    392 |   1559 |   2 | 1736.0 |
   Elven Halls |   8438 |   7575 |    863 |   2328 |   3373 |   3 | 2812.7 |
        Vaults |  11863 |  10990 |    873 |   3377 |   4878 |   5 | 2372.6 |
         Crypt |   3353 |   3085 |    268 |     54 |   2006 |   3 | 1117.7 |
          Tomb |   1677 |   1675 |      2 |    129 |    580 |   1 | 1677.0 |
        Depths |   8205 |   7933 |    272 |   2139 |   3734 |   4 | 2051.2 |
         Abyss |   2133 |   2133 |      0 |      0 |    345 |   5 |  426.6 |
        Bazaar |    206 |    206 |      0 |      0 |    157 |   1 |  206.0 |
         Sewer |   1291 |   1291 |      0 |      0 |    837 |   1 | 1291.0 |
      Ice Cave |   2358 |   2358 |      0 |   1073 |    310 |   1 | 2358.0 |
      Gauntlet |    573 |    573 |      0 |    163 |    109 |   1 |  573.0 |
               +--------+--------+--------+--------+--------+-----+--------+

Top non-repeatable levels by time:
     D:9: 3616 daAuts
Vaults:4: 3444 daAuts
   Elf:1: 3309 daAuts
    D:10: 3249 daAuts
Depths:4: 2762 daAuts
   Elf:2: 2666 daAuts
Vaults:5: 2643 daAuts
   Elf:3: 2462 daAuts
   IceCv: 2358 daAuts
     D:4: 2294 daAuts
   Orc:2: 2262 daAuts
    D:11: 2190 daAuts
Depths:2: 2179 daAuts
    D:13: 2171 daAuts
 Snake:4: 2161 daAuts
